APL (24 & UNDER)
SAVANNAH HOGS @ NASHUA REDLEGS
09/14/2030
 
TOP OF THE 1ST
Savannah Hogs batting - Pitching for Nashua Redlegs : LHP José Rodríguez
Pitching: LHP José Rodríguez
Batting: RHB Miguel Martínez 0-0: Bunted foul
0-1: Ball
1-1: Ball
2-1: Ball
3-1: Foul Ball, location: 2F
3-2: Ground out 4-3 (Groundball, 4S)
Batting: SHB David Bennett 0-0: Called Strike
0-1: Ball
1-1: Swinging Strike
1-2: Strikes out swinging
Batting: RHB Mike Russell 0-0: Called Strike
0-1: Foul Ball, location: 2F
0-2: Ball
1-2: Foul Ball, location: 2F
1-2: Ball
2-2: Ball
3-2: Base on Balls
Batting: RHB Melvin Matthews 0-0: Ball
1-0: SINGLE (Groundball, 4MD)
Mike Russell to second
Runner from 2nd tries for 3rd, SAFE, no throw
Batting: SHB Ramón Minas 0-0: Foul Ball, location: 2F
0-1: Fielders Choice at 2nd, U4 (Groundball, 4M)
Top of the 1st over - 0 runs, 1 hit, 0 errors, 2 left on base; Savannah 0 - Nashua 0
BOTTOM OF THE 1ST
Nashua Redlegs batting - Pitching for Savannah Hogs : RHP Leo Blackley
Pitching: RHP Leo Blackley
Batting: RHB José Luján 0-0: Called Strike
0-1: Fly out, F9 (Flyball, 9S)
Batting: RHB Ánibal Barrios 0-0: Ball
1-0: Ball
2-0: Called Strike
2-1: Ball
3-1: Base on Balls
Batting: RHB Joe Noble 0-0: Ball
1-0: Fly out, F9 (Flyball, 9)
Batting: RHB Katsuhito Ohayashi 0-0: Ball
1-0: Ball
2-0: Ball
3-0: Base on Balls
Ánibal Barrios to second
Batting: RHB Bob Fitzgerald 0-0: Ball
1-0: Called Strike
1-1: Swinging Strike
1-2: Foul Ball, location: 2F
1-2: Reached on error, E5 (Groundball, 56)
Ánibal Barrios to third
Katsuhito Ohayashi to second
Batting: RHB Currito Campos 0-0: Called Strike
0-1: Ground out 3-1 (Groundball, 34)
Bottom of the 1st over - 0 runs, 0 hits, 1 error, 3 left on base; Savannah 0 - Nashua 0
TOP OF THE 2ND
Savannah Hogs batting - Pitching for Nashua Redlegs : LHP José Rodríguez
Batting: SHB Juan Chávez 0-0: Ball
1-0: Called Strike
1-1: Ball
2-1: Fly out, F7 (Line Drive, 78M)
Batting: RHB Louis Miller 0-0: Called Strike
0-1: Fly out, F9 (Flyball, 9LM)
Batting: RHB Ramiro Villescaz 0-0: Fly out, F9 (Line Drive, 9S)
Top of the 2nd over - 0 runs, 0 hits, 0 errors, 0 left on base; Savannah 0 - Nashua 0
BOTTOM OF THE 2ND
Nashua Redlegs batting - Pitching for Savannah Hogs : RHP Leo Blackley
Batting: LHB Peter Rodgers 0-0: Ball
1-0: Swinging Strike
1-1: Ball
2-1: Swinging Strike
2-2: Strikes out looking
Batting: RHB Carlos Villagrama 0-0: Ball
1-0: Foul Ball, location: 2F
1-1: SINGLE (Line Drive, 9LS)
Batting: RHB Ben Byrd 0-0: Called Strike
0-1: Ball
1-1: Foul Ball, location: 2F
1-2: Ball
2-2: Strikes out swinging
Batting: RHB José Luján 0-0: Called Strike
0-1: Swinging Strike
0-2: Ball
1-2: Ball
2-2: Strikes out swinging
Bottom of the 2nd over - 0 runs, 1 hit, 0 errors, 1 left on base; Savannah 0 - Nashua 0
TOP OF THE 3RD
Savannah Hogs batting - Pitching for Nashua Redlegs : LHP José Rodríguez
Batting: RHB Juan Morales 0-0: Ball
1-0: Swinging Strike
1-1: Reached on error, E5 (Groundball, 5)
Batting: RHB Miguel Martínez 0-0: DOUBLE (Line Drive, 9D)
Juan Morales to third
Batting: SHB David Bennett 0-0: Ball
1-0: Ball
2-0: SINGLE (Groundball, 56D)
Juan Morales scores
Miguel Martínez to third
Runner from 3rd tries for Home, SAFE, throw made home
Batting: RHB Mike Russell 0-0: Ball
1-0: Foul Ball, location: 2F
1-1: Foul Ball, location: 2F
1-2: Foul Ball, location: 2F
1-2: Ball
2-2: Ball
3-2: Ground out 6-3 (Groundball, 6S)
David Bennett to second
Batting: RHB Melvin Matthews 0-0: Called Strike
0-1: Foul Ball, location: 2F
0-2: SINGLE (Line Drive, 8LS)
David Bennett to third
Runner from 3rd tries for Home, SAFE, no throw
Batting: SHB Ramón Minas 0-0: Called Strike
0-1: SINGLE (Line Drive, 6M)
Melvin Matthews to second
Batting: SHB Juan Chávez 0-0: Swinging Strike
0-1: Ball
1-1: Ball
2-1: SINGLE (Line Drive, 89S)
Melvin Matthews to third
Ramón Minas to second
Runner from 3rd tries for Home, SAFE, no throw
Batting: RHB Louis Miller 0-0: Swinging Strike
0-1: Swinging Strike
0-2: Ball
1-2: Fielders Choice at 2nd, 6-4 (Groundball, 6)
Ramón Minas to third
Batting: RHB Ramiro Villescaz 0-0: Ball
1-0: Called Strike
1-1: Ball
2-1: Swinging Strike
2-2: Ground out 4-3 (Groundball, 4)
Top of the 3rd over - 4 runs, 5 hits, 1 error, 2 left on base; Savannah 4 - Nashua 0
BOTTOM OF THE 3RD
Nashua Redlegs batting - Pitching for Savannah Hogs : RHP Leo Blackley
Batting: RHB Ánibal Barrios 0-0: Ball
1-0: SINGLE (Flyball, 78S)
Batting: RHB Joe Noble 0-0: Called Strike
0-1: Foul Ball, location: 2F
0-2: Foul Ball, location: 2F
0-2: Grounds into double play, 5-4-3 (Groundball, 5)
Batting: RHB Katsuhito Ohayashi 0-0: Ball
1-0: Ball
2-0: Ball
3-0: Called Strike
3-1: SOLO HOME RUN (Flyball, 7D), Distance : 351 ft
Batting: RHB Bob Fitzgerald 0-0: Swinging Strike
0-1: Foul Ball, location: 2F
0-2: Foul Ball, location: 2F
0-2: Strikes out looking
Bottom of the 3rd over - 1 run, 2 hits, 0 errors, 0 left on base; Savannah 4 - Nashua 1
TOP OF THE 4TH
Savannah Hogs batting - Pitching for Nashua Redlegs : LHP José Rodríguez
Batting: RHB Juan Morales 0-0: Called Strike
0-1: Ball
1-1: Foul Ball, location: 2F
1-2: Ball
2-2: Ball
3-2: Foul Ball, location: 2F
3-2: Foul Ball, location: 2F
3-2: Foul Ball, location: 2F
3-2: Ground out 4-3 (Groundball, 4)
Batting: RHB Miguel Martínez 0-0: Ball
1-0: Ball
2-0: Foul Ball, location: 2F
2-1: Fly out, F7 (Flyball, 78M)
Batting: SHB David Bennett 0-0: Foul Ball, location: 2F
0-1: Fly out, F3 (Line Drive, 3S)
Top of the 4th over - 0 runs, 0 hits, 0 errors, 0 left on base; Savannah 4 - Nashua 1
BOTTOM OF THE 4TH
Nashua Redlegs batting - Pitching for Savannah Hogs : RHP Leo Blackley
Batting: RHB Currito Campos 0-0: Ball
1-0: Swinging Strike
1-1: Swinging Strike
1-2: Ground out 6-3 (Groundball, 6)
Batting: LHB Peter Rodgers 0-0: Foul Ball, location: 2F
0-1: Fly out, F6 (Line Drive, 6M)
Batting: RHB Carlos Villagrama 0-0: Ball
1-0: Ground out 5-3 (Groundball, 56S)
Bottom of the 4th over - 0 runs, 0 hits, 0 errors, 0 left on base; Savannah 4 - Nashua 1
TOP OF THE 5TH
Savannah Hogs batting - Pitching for Nashua Redlegs : LHP José Rodríguez
Batting: RHB Mike Russell 0-0: Ball
1-0: Ball
2-0: Ball
3-0: Called Strike
3-1: Foul Ball, location: 2F
3-2: Base on Balls
Batting: RHB Melvin Matthews 0-0: Ball
1-0: Swinging Strike
1-1: Ball
2-1: Swinging Strike
2-2: Grounds into double play, 5-4-3 (Groundball, 56)
Batting: SHB Ramón Minas 0-0: Ball
1-0: Ground out 6-3 (Groundball, 6)
Top of the 5th over - 0 runs, 0 hits, 0 errors, 0 left on base; Savannah 4 - Nashua 1
BOTTOM OF THE 5TH
Nashua Redlegs batting - Pitching for Savannah Hogs : RHP Leo Blackley
Batting: RHB Ben Byrd 0-0: Ball
1-0: Called Strike
1-1: Called Strike
1-2: Ball
2-2: Strikes out swinging
Batting: RHB José Luján 0-0: Ball
1-0: SOLO HOME RUN (Flyball, 9LD), Distance : 342 ft
Batting: RHB Ánibal Barrios 0-0: Called Strike
0-1: Ball
1-1: Fly out, F8 (Flyball, 8LXD)
Batting: RHB Joe Noble 0-0: Called Strike
0-1: Called Strike
0-2: Strikes out looking
Bottom of the 5th over - 1 run, 1 hit, 0 errors, 0 left on base; Savannah 4 - Nashua 2
TOP OF THE 6TH
Savannah Hogs batting - Pitching for Nashua Redlegs : LHP José Rodríguez
Batting: SHB Juan Chávez 0-0: Fly out, F9 (Flyball, 9LS)
Batting: RHB Louis Miller 0-0: SINGLE (Groundball, 6MD)
Batting: RHB Ramiro Villescaz 0-0: Ball
1-0: Ball
2-0: Ball
3-0: Called Strike
3-1: SINGLE (Flyball, 34D)
Louis Miller to second
Runner from 2nd tries for 3rd, SAFE, no throw
Batting: RHB Juan Morales 0-0: Ball
1-0: Ball
2-0: Called Strike
2-1: SINGLE (Groundball, 3D)
Louis Miller scores
Ramiro Villescaz to second
Runner from 2nd tries for 3rd, SAFE, no throw
Pitching: RHP Vaughan Price
Batting: RHB Miguel Martínez 0-0: Ball
1-0: Ball
2-0: Swinging Strike
2-1: Foul Ball, location: 2F
2-2: Ball
3-2: Foul Ball, location: 2F
3-2: Strikes out swinging
Batting: SHB David Bennett 0-0: Ball
1-0: Ground out U3 (Groundball, 3)
Top of the 6th over - 1 run, 3 hits, 0 errors, 2 left on base; Savannah 5 - Nashua 2
BOTTOM OF THE 6TH
Nashua Redlegs batting - Pitching for Savannah Hogs : RHP Leo Blackley
Batting: RHB Katsuhito Ohayashi 0-0: Ball
1-0: Called Strike
1-1: Foul Ball, location: 2F
1-2: Strikes out swinging
Batting: RHB Bob Fitzgerald 0-0: SINGLE (Groundball, 3D)
Batting: RHB Currito Campos 0-0: Foul Ball, location: 2F
0-1: Foul Ball, location: 2F
0-2: Ball
1-2: Foul Ball, location: 2F
1-2: Strikes out looking
Batting: LHB Peter Rodgers 0-0: Called Strike
0-1: Called Strike
0-2: Ball
1-2: Strikes out swinging
Bottom of the 6th over - 0 runs, 1 hit, 0 errors, 1 left on base; Savannah 5 - Nashua 2
TOP OF THE 7TH
Savannah Hogs batting - Pitching for Nashua Redlegs : RHP Vaughan Price
Batting: RHB Mike Russell 0-0: Called Strike
0-1: Fly out, F8 (Flyball, 89D)
Batting: RHB Melvin Matthews 0-0: Ground out 4-3 (Groundball, 34)
Batting: SHB Ramón Minas 0-0: Ball
1-0: Ball
2-0: Ball
3-0: Base on Balls
Batting: SHB Juan Chávez 0-0: Called Strike
0-1: Ball
1-1: Ball
2-1: Ball
3-1: SINGLE (Groundball, 3D)
Ramón Minas to second
Runner from 2nd tries for 3rd, SAFE, throw made at trailing runner, OUT!
Top of the 7th over - 0 runs, 1 hit, 0 errors, 1 left on base; Savannah 5 - Nashua 2
BOTTOM OF THE 7TH
Nashua Redlegs batting - Pitching for Savannah Hogs : RHP Leo Blackley
Batting: RHB Carlos Villagrama 0-0: Ball
1-0: Called Strike
1-1: Ball
2-1: Called Strike
2-2: Ground out 4-3 (Groundball, 4)
Batting: RHB Ben Byrd 0-0: Ball
1-0: SOLO HOME RUN (Flyball, 89XD), Distance : 431 ft
Batting: RHB José Luján 0-0: Called Strike
0-1: Ball
1-1: Called Strike
1-2: Foul Ball, location: 2F
1-2: Ball
2-2: Strikes out swinging
Batting: RHB Ánibal Barrios 0-0: Swinging Strike
0-1: Called Strike
0-2: Ball
1-2: Foul Ball, location: 2F
1-2: Foul Ball, location: 2F
1-2: Strikes out looking
Bottom of the 7th over - 1 run, 1 hit, 0 errors, 0 left on base; Savannah 5 - Nashua 3
TOP OF THE 8TH
Savannah Hogs batting - Pitching for Nashua Redlegs : RHP Vaughan Price
Batting: RHB Louis Miller 0-0: Called Strike
0-1: Ball
1-1: Foul Ball, location: 2F
1-2: Ball
2-2: DOUBLE (Flyball, 8LXD)
Batting: RHB Ramiro Villescaz 0-0: Ground out 5-3 (Groundball, 56)
Batting: RHB Juan Morales 0-0: Intentional Walk
Pinch Hitting: RHB José Ramos 0-0: Called Strike
0-1: Called Strike
0-2: Grounds into double play, 5-4-3 (Groundball, 56)
Top of the 8th over - 0 runs, 1 hit, 0 errors, 1 left on base; Savannah 5 - Nashua 3
BOTTOM OF THE 8TH
Nashua Redlegs batting - Pitching for Savannah Hogs : RHP Leo Blackley
Pitching: RHP Ismael Chávez
Now at SS: António Rodríguez
Batting: RHB Joe Noble 0-0: Foul Ball, location: 2F
0-1: Ground out U3 (Groundball, 34)
Batting: RHB Katsuhito Ohayashi 0-0: Reached on error, E6 (Groundball, 6M)
Batting: RHB Bob Fitzgerald 0-0: Called Strike
0-1: Ball
1-1: Called Strike
1-2: Ball
2-2: Foul Ball, location: 2F
2-2: Ball
3-2: Strikes out swinging
Katsuhito Ohayashi is caught stealing 2nd base
Batter strikes out.
Bottom of the 8th over - 0 runs, 0 hits, 1 error, 0 left on base; Savannah 5 - Nashua 3
TOP OF THE 9TH
Savannah Hogs batting - Pitching for Nashua Redlegs : RHP Vaughan Price
Batting: SHB David Bennett 0-0: Ball
1-0: Ball
2-0: Ball
3-0: Called Strike
3-1: SINGLE (Flyball, 7LM)
Batting: RHB Mike Russell 0-0: Fly out, F8 (Flyball, 8LM)
Batting: RHB Melvin Matthews 0-0: Ball
1-0: Foul Ball, location: 2F
1-1: Fly out, F6 (Line Drive, 6MD)
Batting: SHB Ramón Minas 0-0: Foul Ball, location: 2F
0-1: Ball
1-1: Ball
2-1: Foul Ball, location: 2F
2-2: Ball
3-2: Base on Balls
David Bennett to second
Batting: SHB Juan Chávez 0-0: Called Strike
0-1: Ball
1-1: Swinging Strike
1-2: Foul Ball, location: 2F
1-2: Ball
2-2: Ball
3-2: Base on Balls
David Bennett to third
Ramón Minas to second
Pinch Hitting: RHB Wilson Ortíz 0-0: SINGLE (Groundball, 3S) (infield hit)
David Bennett scores
Ramón Minas to third
Juan Chávez to second
Batting: RHB Ramiro Villescaz 0-0: Ball
1-0: Ball
2-0: SINGLE (Groundball, 34D)
Ramón Minas scores
Juan Chávez to third
Wilson Ortíz to second
Runner from 3rd tries for Home, SAFE, throw made home
Pitching: LHP Shannon Thomas
Batting: RHB Juan Morales 0-0: Ball
1-0: Ground out 3-1 (Groundball, 34)
Top of the 9th over - 3 runs, 3 hits, 0 errors, 2 left on base; Savannah 8 - Nashua 3
BOTTOM OF THE 9TH
Nashua Redlegs batting - Pitching for Savannah Hogs : RHP Ismael Chávez
Now in LF: Stanley Woods
Batting: RHB Currito Campos 0-0: Ball
1-0: Ball
2-0: Foul Ball, location: 2F
2-1: Ball
3-1: Base on Balls
Batting: LHB Peter Rodgers 0-0: Ball
1-0: Called Strike
1-1: SINGLE (Flyball, 78S)
Currito Campos to second
Batting: RHB Carlos Villagrama 0-0: Called Strike
0-1: Ball
1-1: Fly out, F9 (Flyball, 9LM)
Batting: RHB Ben Byrd 0-0: Swinging Strike
0-1: Ball
1-1: Foul Ball, location: 2F
1-2: Grounds into double play, 6-4-3 (Groundball, 56)
Bottom of the 9th over - 0 runs, 1 hit, 0 errors, 1 left on base; Savannah 8 - Nashua 3
Saturday, April 7th, 2018 - OOTP Baseball 18.8 Build 76